SA
NEBRASKA PLAINSMEN @ WASHINGTON GENERALS
07/20/2029
 
TOP OF THE 1ST
Nebraska Plainsmen batting - Pitching for Washington Generals : RHP Jeff Rollins
Pitching: RHP Jeff Rollins
Batting: SHB Cyrille Baffi 0-0: Ball
1-0: Ball
2-0: Called Strike
2-1: Fly out, F7 (Flyball, 7)
Batting: LHB Gerardo Ponce de Leon 0-0: Ball
1-0: Fly out, F3 (Popup, 3F)
Batting: SHB Allen Pandey 0-0: Called Strike
0-1: Ground out U3 (Groundball, 3)
Top of the 1st over - 0 runs, 0 hits, 0 errors, 0 left on base; Nebraska 0 - Washington 0
BOTTOM OF THE 1ST
Washington Generals batting - Pitching for Nebraska Plainsmen : RHP Jesús Fernández
Pitching: RHP Jesús Fernández
Batting: RHB Júlio Rodríguez 0-0: Ball
1-0: Swinging Strike
1-1: Ball
2-1: Called Strike
2-2: Ball
3-2: Base on Balls
Batting: RHB Bill Perkins 0-0: Ball
1-0: Ball
2-0: Ball
3-0: Called Strike
3-1: Called Strike
3-2: Foul Ball, location: 2F
3-2: Fly out, F7 (Line Drive, 7D)
Batting: RHB Ricardo Sandoval 0-0: Ball
1-0: Ball
2-0: Ball
3-0: Called Strike
3-1: Base on Balls
Júlio Rodríguez to second
Batting: RHB Daryl Yandell 0-0: Ball
1-0: Ball
2-0: Ball
Passed Ball!
Júlio Rodríguez to third
Ricardo Sandoval to second
3-0: Called Strike
3-1: Base on Balls
Batting: RHB Alonso Vielma 0-0: Grounds into double play, 6-4-3 (Groundball, 6)
Bottom of the 1st over - 0 runs, 0 hits, 0 errors, 2 left on base; Nebraska 0 - Washington 0
TOP OF THE 2ND
Nebraska Plainsmen batting - Pitching for Washington Generals : RHP Jeff Rollins
Batting: SHB Rafael Porfrio 0-0: Ball
1-0: Called Strike
1-1: Fly out, F5 (Popup, 25)
Batting: RHB Alco Compagne 0-0: Foul Ball, location: 2F
0-1: Swinging Strike
0-2: Ball
1-2: Fly out, F9 (Flyball, 9)
Batting: RHB Dan Hendricks 0-0: Ball
1-0: Called Strike
1-1: Ball
2-1: Foul Ball, location: 2F
2-2: Foul Ball, location: 2F
2-2: Strikes out swinging
Top of the 2nd over - 0 runs, 0 hits, 0 errors, 0 left on base; Nebraska 0 - Washington 0
BOTTOM OF THE 2ND
Washington Generals batting - Pitching for Nebraska Plainsmen : RHP Jesús Fernández
Batting: RHB Michael Palledorous 0-0: Ball
1-0: Ball
2-0: Ground out U3 (Groundball, 34)
Batting: RHB Mike Lipide 0-0: SINGLE (Groundball, 6MD)
Batting: RHB Alan Patterson 0-0: Ball
1-0: Swinging Strike
1-1: Called Strike
1-2: Strikes out swinging
Batting: RHB Dan Vanblarcom 0-0: Ball
Mike Lipide is caught stealing 2nd base
Bottom of the 2nd over - 0 runs, 1 hit, 0 errors, 0 left on base; Nebraska 0 - Washington 0
TOP OF THE 3RD
Nebraska Plainsmen batting - Pitching for Washington Generals : RHP Jeff Rollins
Batting: RHB Shelby Loudenslager 0-0: Ball
1-0: Swinging Strike
1-1: Foul Ball, location: 2F
1-2: Strikes out looking
Batting: RHB Calvin Blonke 0-0: Foul Ball, location: 2F
0-1: Swinging Strike
0-2: Ball
1-2: Ball
2-2: Strikes out swinging
Batting: RHB José Durán 0-0: Called Strike
0-1: Called Strike
0-2: SINGLE (Line Drive, 9LS)
Batting: SHB Cyrille Baffi 0-0: Ball
1-0: Called Strike
1-1: Called Strike
1-2: Ball
2-2: Ball
3-2: Base on Balls
José Durán to second
Batting: LHB Gerardo Ponce de Leon 0-0: Ball
1-0: Foul Ball, location: 2F
1-1: Foul Ball, location: 2F
1-2: Ball
2-2: Foul Ball, location: 2F
2-2: Strikes out swinging
Top of the 3rd over - 0 runs, 1 hit, 0 errors, 2 left on base; Nebraska 0 - Washington 0
BOTTOM OF THE 3RD
Washington Generals batting - Pitching for Nebraska Plainsmen : RHP Jesús Fernández
Batting: RHB Dan Vanblarcom 0-0: Called Strike
0-1: Fly out, F4 (Line Drive, 4)
Batting: RHB Júlio Rodríguez 0-0: Ball
1-0: Ball
2-0: Ball
3-0: Base on Balls
Batting: RHB Bill Perkins 0-0: Ball
1-0: Foul Ball, location: 2F
1-1: Ball
2-1: Ball
3-1: Called Strike
3-2: Foul Ball, location: 2F
3-2: Foul Ball, location: 2F
3-2: 2-RUN HOME RUN (Flyball, 7D), Distance : 393 ft
Batting: RHB Ricardo Sandoval 0-0: Ball
1-0: Fly out, F9 (Flyball, 9S)
Batting: RHB Daryl Yandell 0-0: Called Strike
0-1: Ball
1-1: Ball
2-1: Ball
3-1: Base on Balls
Batting: RHB Alonso Vielma 0-0: Called Strike
0-1: Hit by Pitch
Daryl Yandell to second
Batting: RHB Michael Palledorous 0-0: Called Strike
0-1: Called Strike
0-2: Foul Ball, location: 2F
0-2: Ball
1-2: Strikes out swinging, 2-3 out at first.
Bottom of the 3rd over - 2 runs, 1 hit, 0 errors, 2 left on base; Nebraska 0 - Washington 2
TOP OF THE 4TH
Nebraska Plainsmen batting - Pitching for Washington Generals : RHP Jeff Rollins
Batting: SHB Allen Pandey 0-0: Ball
1-0: Ball
2-0: Fly out, F7 (Flyball, 78D)
Batting: SHB Rafael Porfrio 0-0: Called Strike
0-1: Ball
1-1: DOUBLE (Groundball, 3L)
Batting: RHB Alco Compagne 0-0: Called Strike
0-1: Called Strike
0-2: Ground out 6-3 (Groundball, 6D)
Batting: RHB Dan Hendricks 0-0: Foul Ball, location: 2F
0-1: Called Strike
0-2: Ball
1-2: Strikes out swinging
Top of the 4th over - 0 runs, 1 hit, 0 errors, 1 left on base; Nebraska 0 - Washington 2
BOTTOM OF THE 4TH
Washington Generals batting - Pitching for Nebraska Plainsmen : RHP Jesús Fernández
Batting: RHB Mike Lipide 0-0: Ball
1-0: Ball
2-0: SOLO HOME RUN (Flyball, 7LD), Distance : 344 ft
Batting: RHB Alan Patterson 0-0: DOUBLE (Groundball, 5L)
Batting: RHB Dan Vanblarcom 0-0: Ball
1-0: Foul Ball, location: 2F
1-1: Foul Ball, location: 2F
1-2: Strikes out swinging
Batting: RHB Júlio Rodríguez 0-0: Called Strike
Alan Patterson is caught stealing 3rd base
0-1: Ball
1-1: Foul Ball, location: 2F
1-2: Fly out, F8 (Flyball, 8RS)
Bottom of the 4th over - 1 run, 2 hits, 0 errors, 0 left on base; Nebraska 0 - Washington 3
TOP OF THE 5TH
Nebraska Plainsmen batting - Pitching for Washington Generals : RHP Jeff Rollins
Batting: RHB Shelby Loudenslager 0-0: Ball
1-0: Ground out 5-3 (Groundball, 5)
Batting: RHB Calvin Blonke 0-0: Called Strike
0-1: Called Strike
0-2: Ball
1-2: Ball
2-2: Ball
3-2: Base on Balls
Batting: RHB José Durán 0-0: Called Strike
0-1: Ball
1-1: Ball
2-1: DOUBLE (Line Drive, 9LM)
Calvin Blonke to third
Batting: SHB Cyrille Baffi 0-0: Ground out 6-3 (Groundball, 6)
Calvin Blonke scores
Batting: LHB Gerardo Ponce de Leon 0-0: Ground out 5-3 (Groundball, 56S)
Top of the 5th over - 1 run, 1 hit, 0 errors, 1 left on base; Nebraska 1 - Washington 3
BOTTOM OF THE 5TH
Washington Generals batting - Pitching for Nebraska Plainsmen : RHP Jesús Fernández
Batting: RHB Bill Perkins 0-0: Called Strike
0-1: Ball
1-1: Ground out 6-3 (Groundball, 6M)
Batting: RHB Ricardo Sandoval 0-0: Ball
1-0: Ball
2-0: Foul Ball, location: 2F
2-1: Called Strike
2-2: Strikes out swinging
Batting: RHB Daryl Yandell 0-0: Called Strike
0-1: Ball
1-1: Ball
2-1: Swinging Strike
2-2: Strikes out swinging
Bottom of the 5th over - 0 runs, 0 hits, 0 errors, 0 left on base; Nebraska 1 - Washington 3
TOP OF THE 6TH
Nebraska Plainsmen batting - Pitching for Washington Generals : RHP Jeff Rollins
Batting: SHB Allen Pandey 0-0: Foul Ball, location: 2F
0-1: Ball
1-1: Fly out, F8 (Flyball, 8RS)
Batting: SHB Rafael Porfrio 0-0: Called Strike
0-1: Foul Ball, location: 2F
0-2: Ball
1-2: Foul Ball, location: 2F
1-2: Foul Ball, location: 2F
1-2: Ball
2-2: Ball
3-2: Base on Balls
Pitching: RHP Álex Hernández
Batting: RHB Alco Compagne 0-0: Ball
1-0: Fly out, F7 (Line Drive, 7D)
Batting: RHB Dan Hendricks 0-0: Ball
Wild Pitch!
Rafael Porfrio to second
1-0: Called Strike
1-1: Foul Ball, location: 2F
1-2: Ball
2-2: Strikes out swinging
Top of the 6th over - 0 runs, 0 hits, 0 errors, 1 left on base; Nebraska 1 - Washington 3
BOTTOM OF THE 6TH
Washington Generals batting - Pitching for Nebraska Plainsmen : RHP Jesús Fernández
Batting: RHB Alonso Vielma 0-0: Ball
1-0: Ball
2-0: Called Strike
2-1: Ball
3-1: Called Strike
3-2: Foul Ball, location: 2F
3-2: Strikes out looking
Batting: RHB Michael Palledorous 0-0: Ball
1-0: Fly out, F7 (Line Drive, 7)
Batting: RHB Mike Lipide 0-0: Ground out 6-3 (Groundball, 6)
Bottom of the 6th over - 0 runs, 0 hits, 0 errors, 0 left on base; Nebraska 1 - Washington 3
TOP OF THE 7TH
Nebraska Plainsmen batting - Pitching for Washington Generals : RHP Álex Hernández
Batting: RHB Shelby Loudenslager 0-0: Swinging Strike
0-1: Ball
1-1: Ball
2-1: Called Strike
2-2: Ball
3-2: Strikes out swinging
Batting: RHB Calvin Blonke 0-0: Ball
1-0: Ball
2-0: Swinging Strike
2-1: Ball
3-1: Ground out 5-3 (Groundball, 5)
Batting: RHB José Durán 0-0: Ball
1-0: Called Strike
1-1: Foul Ball, location: 2F
1-2: Ball
2-2: Foul Ball, location: 2F
2-2: Ball
3-2: Foul Ball, location: 2F
3-2: Foul Ball, location: 2F
3-2: Base on Balls
Batting: SHB Cyrille Baffi 0-0: Ball
1-0: Swinging Strike
1-1: Called Strike
1-2: Ball
2-2: Fly out, F7 (Flyball, 78D)
Top of the 7th over - 0 runs, 0 hits, 0 errors, 1 left on base; Nebraska 1 - Washington 3
BOTTOM OF THE 7TH
Washington Generals batting - Pitching for Nebraska Plainsmen : RHP Jesús Fernández
Batting: RHB Alan Patterson 0-0: Called Strike
0-1: Fly out, F8 (Flyball, 8LD)
Batting: RHB Dan Vanblarcom 0-0: SINGLE (Line Drive, 8LS)
Batting: RHB Júlio Rodríguez 0-0: Called Strike
0-1: Ball
1-1: Ball
2-1: Foul Ball, location: 2F
2-2: Foul Ball, location: 2F
2-2: Fly out, F9 (Flyball, 9S)
Batting: RHB Bill Perkins 0-0: Foul Ball, location: 2F
0-1: Fly out, F8 (Flyball, 8LXD)
Bottom of the 7th over - 0 runs, 1 hit, 0 errors, 1 left on base; Nebraska 1 - Washington 3
TOP OF THE 8TH
Nebraska Plainsmen batting - Pitching for Washington Generals : RHP Álex Hernández
Batting: LHB Gerardo Ponce de Leon 0-0: SOLO HOME RUN (Flyball, 89XD), Distance : 440 ft
Batting: SHB Allen Pandey 0-0: Ball
1-0: Ball
2-0: Called Strike
2-1: Ball
3-1: Foul Ball, location: 2F
3-2: Strikes out swinging
Batting: SHB Rafael Porfrio 0-0: Ball
1-0: Ground out 4-3 (Groundball, 34S)
Batting: RHB Alco Compagne 0-0: Called Strike
0-1: Fly out, F8 (Flyball, 8RM)
Top of the 8th over - 1 run, 1 hit, 0 errors, 0 left on base; Nebraska 2 - Washington 3
BOTTOM OF THE 8TH
Washington Generals batting - Pitching for Nebraska Plainsmen : RHP Jesús Fernández
Batting: RHB Ricardo Sandoval 0-0: Ground out 4-3 (Groundball, 4)
Batting: RHB Daryl Yandell 0-0: Ball
1-0: Ball
2-0: Called Strike
2-1: Fly out, F9 (Flyball, 9LSF)
Batting: RHB Alonso Vielma 0-0: Ball
1-0: Swinging Strike
1-1: Swinging Strike
1-2: Fly out, F5 (Popup, 5SF)
Bottom of the 8th over - 0 runs, 0 hits, 0 errors, 0 left on base; Nebraska 2 - Washington 3
TOP OF THE 9TH
Nebraska Plainsmen batting - Pitching for Washington Generals : RHP Álex Hernández
Now at 1B: Mauro Deleón
Pinch Hitting: LHB Bob Knutson 0-0: Called Strike
0-1: Foul Ball, location: 2F
0-2: Ball
1-2: SINGLE (Line Drive, 7)
Batting: RHB Shelby Loudenslager 0-0: Ball
1-0: Called Strike
1-1: Foul Ball, location: 2F
1-2: Ball
2-2: Foul Ball, location: 2F
2-2: Ball
3-2: Grounds into double play, 6-4-3 (Groundball, 6)
Pinch Hitting: RHB Lloyd Raaijmakers 0-0: Called Strike
0-1: Swinging Strike
0-2: Foul Ball, location: 2F
0-2: Foul Ball, location: 2F
0-2: Strikes out swinging
Top of the 9th over - 0 runs, 1 hit, 0 errors, 0 left on base; Nebraska 2 - Washington 3
Tuesday, December 19th, 2017 - OOTP Baseball 18.8 Build 76